 Dungeon Crawl Stone Soup version 0.18.1-48-g4cf74bf (webtiles) character file.

120 HolyGrifer the Ducker (level 4, -1/45 HPs)
             Began as a Troll Fighter on Aug 16, 2016.
             Slain by an orc wizard
             ... wielding a +0 dagger
              (5 damage)
             ... on level 3 of the Dungeon.
             The game lasted 00:09:17 (1693 turns).

HolyGrifer the Ducker (Troll Fighter)               Turns: 1693, Time: 00:09:18

Health: -1/45      AC:  6    Str: 25    XL:     4   Next: 75%
Magic:  3/3        EV:  8    Int:  4    God:
Gold:   162        SH:  9    Dex:  9    Spells: 0 memorised, 3 levels left

rFire  . . .     SeeInvis .     g - +0 flail
rCold  . . .     Gourm    +     b - +0 robe
rNeg   . . .     Faith    .     c - +0 shield
rPois  .         Spirit   .     (helmet restricted)
rElec  .         Dismiss  .     n - +0 cloak
rCorr  .         Reflect  .     (gloves unavailable)
SustAt .         Harm     .     (boots unavailable)
MR     .....                    (no amulet)
Stlth  +.........               (no ring)
                                (no ring)

@: not resistant to hostile enchantments, very unstealthy
A: unfitting armour, claws 3, fast metabolism 3, gourmand, regeneration 2,
shaggy fur 1, tough skin 2
a: no special abilities


You were on level 3 of the Dungeon.
You were not hungry.

You visited 1 branch of the dungeon, and saw 3 of its levels.

You collected 162 gold pieces.

Inventory:

Hand Weapons
 g - a +0 flail (weapon)
Missiles
 j - 26 poisoned needles
 s - 46 arrows
 t - 3 needles of confusion
Armour
 b - a +0 robe (worn)
 c - a +0 shield (worn)
 n - a +0 cloak (worn)
Scrolls
 e - a scroll of recharging {unknown}
 h - a scroll of magic mapping {unknown}
 k - 3 scrolls of enchant weapon {unknown}
 l - a scroll of amnesia {unknown}
 m - a scroll of noise {unknown}
 q - a scroll of identify {unknown}
Potions
 d - a potion of might
 i - 2 potions of brilliance {unknown}
 p - 2 potions of cure mutation {unknown}
Comestibles
 a - a meat ration
 f - 5 bread rations
 o - 4 fruits
 r - a slice of pizza
 u - a chunk of flesh


   Skills:
 + Level 3.0 Fighting
 + Level 2.1 Maces & Flails
 * Level 1.0 Armour
 + Level 3.3 Dodging
 + Level 3.0 Shields


You had 3 spell levels left.
You didn't know any spells.

Dungeon Overview and Level Annotations

Branches:
Dungeon (3/15)

Altars:
Gozag


Innate Abilities, Weirdness & Mutations

You are too large for most types of armour.
You have claws for hands.
Your metabolism is lightning-fast.
You like to eat raw meat.
You heal very quickly.
You are covered in fur (AC +1).
You have very tough skin (AC +2).


Message History

The orc wizard is heavily wounded.
You block the orc wizard's attack.
The orc wizard hits you but does no damage.
You closely miss the orc wizard.
The orc wizard is heavily wounded.
You block the orc wizard's attack.
The orc wizard hits you but does no damage.
You hit the orc wizard.
The orc wizard is severely wounded.
You block the orc wizard's attack. The orc wizard barely misses you.
You hit the orc wizard but do no damage.
The orc wizard is severely wounded.
The orc wizard casts a spell at you. The puff of frost hits you!
* * * LOW HITPOINT WARNING * * *
The orc wizard looks braver for a moment.
You barely miss the orc wizard.
The orc wizard is severely wounded.
The orc wizard hits you with a dagger.
You die...

. .....o. ............ ...
........ .#. . ....o #...##.
#..### ....##.####..(## ....#
...####o.# ..#.####.##
##K############## ..........#
#oo@.#.<.......# ........#.##
####...........# ........#..#
###<........# #.......##.#
#.........# ........##.#
####.........#
#.......##.#####..........>.#
#.......##.......############
#.......##..######
#############


You could see an orc wizard, 2 orcs and a kobold.

Vanquished Creatures
  Terence (D:2)
  2 gnolls (D:1)
  2 adders (D:2)
  A worm (D:2)
  2 dart slugs
  2 giant geckos
  A giant cockroach (D:2)
  10 goblins
  6 hobgoblins
  8 jackals
  A quokka (D:2)
  2 ball pythons (D:1)
  2 bats
  3 giant newts
  2 kobolds
  3 rats
48 creatures vanquished.

Notes
Turn   | Place    | Note
--------------------------------------------------------------
     0 | D:1      | HolyGrifer the Troll Fighter began the quest for the Orb.
     0 | D:1      | Reached XP level 1. HP: 22/22 MP: 0/0
    22 | D:1      | Reached XP level 2. HP: 21/29 MP: 1/1
   268 | D:1      | Reached XP level 3. HP: 36/36 MP: 2/2
   756 | D:1      | Noticed a redback
   756 | D:1      | Noticed a wyvern
   756 | D:1      | Noticed a black mamba
   757 | D:1      | Noticed a polar bear
   997 | D:2      | Reached XP level 4. HP: 33/44 MP: 3/3
  1050 | D:2      | Found an opulent altar of Gozag.
  1397 | D:2      | Noticed Terence
  1411 | D:2      | Killed Terence
  1411 | D:2      | Reached skill level 1 in Armour
  1693 | D:3      | Slain by an orc wizard

Skill      XL: |  1  2  3  4 |
---------------+-------------+-----
Maces & Flails | 2 |  2.1
Dodging        | 3 |  3.3
Fighting       | 3 |  3.0
Armour         | 1 |  1.0
Shields        | 3 |  3.0

Action                   |  1- 3 |  4- 6 || total
-------------------------+-------+-------++-------
Melee: Flail             |   113 |    97 ||   210
  Eat: Chunk             |     5 |    11 ||    16
Armor: Robe              |    43 |    63 ||   106
Dodge: Dodged            |    38 |    51 ||    89
Block: Shield            |    63 |    72 ||   135
